 Dungeon Crawl Stone Soup version 0.19-a0-1740-g0bcaf2e (webtiles) character file.

2058 Alarkh the Grave Robber (level 9, -16/57 HPs)
             Began as a Mummy Necromancer on Oct 2, 2016.
             Was a Believer of Okawaru.
             Shot with a sling bullet by Joseph (18 damage)
             ... on level 8 of the Dungeon.
             The game lasted 00:10:10 (6933 turns).

Alarkh the Grave Robber (Mummy Necromancer)         Turns: 6933, Time: 00:10:10

Health: -16/57     AC:  4    Str: 10 (11) XL:     9   Next: 5%
Magic:  3/18       EV: 12    Int: 17      God:    Okawaru [**....]
Gold:   355        SH:  0    Dex: 12 (13) Spells: 2 memorised, 16 levels left

rFire  x . .     SeeInvis .     a - +0 falchion
rCold  + . .     Gourm    .     f - +0 robe
rNeg   + + +     Faith    .     (no shield)
rPois  ∞         Spirit   .     (no helmet)
rElec  .         Dismiss  .     (no cloak)
rCorr  .         Reflect  .     d - +0 pair of gloves
MR     +....     Harm     .     j - +0 pair of boots
Stlth  ++........               (no amulet)
                                (no ring)
                                (no ring)

@: no status effects
A: no food or potions, fire vulnerability, cold resistance 1, negative energy
resistance 3, torment resistance, unbreathing
a: Heroism, Renounce Religion


You were on level 8 of the Dungeon.
You worshipped Okawaru.
Okawaru was pleased with you.
You were not hungry.

You visited 2 branches of the dungeon, and saw 9 of its levels.

You collected 355 gold pieces.

Inventory:

Hand Weapons
 a - a +0 falchion (weapon)
 b - a +0 dagger of protection
 v - a +1 dagger of venom
 z - the +5 trident "Spiderslayer" {distort, +Fly rF- Dex-5 Stlth+}
   (You found it on level 7 of the Dungeon)

   It warps and distorts space around it.
   Unwielding it can cause banishment or high damage.
   It affects your dexterity (-5).
   It makes you vulnerable to fire.
   It lets you fly.
   It makes you more stealthy.
Missiles
 A - 2 throwing nets (quivered)
Armour
 d - a +0 pair of gloves (worn)
 f - a +0 robe (worn)
 j - a +0 pair of boots (worn)
Magical Staves
 n - an uncursed staff of summoning
Wands
 s - a wand of iceblast (11/15)
 t - a wand of polymorph (9/24)
 w - a wand of lightning (4/15)
 x - a wand of confusion (31/48)
Scrolls
 c - a scroll of fog
 e - a scroll of identify
 g - 2 scrolls of enchant armour
 h - a scroll of fear
 i - 3 scrolls of remove curse
 k - 3 scrolls of noise
 l - 2 scrolls of amnesia
 o - a scroll of recharging {unknown}
 p - 2 scrolls of immolation {unknown}
 q - 2 scrolls of teleportation {unknown}
 r - 3 scrolls of magic mapping {unknown}
 y - a scroll of random uselessness {unknown}
Books
 m - a book of Necromancy

   Spells                             Type                      Level
   a - Pain                           Necromancy                   1
   b - Animate Skeleton               Necromancy                   1
   c - Vampiric Draining              Necromancy                   3
   d - Regeneration                   Charms/Necromancy            3
   e - Animate Dead                   Necromancy                   4
   f - Control Undead                 Necromancy                   4
 u - a book of Flames

   Spells                             Type                      Level
   a - Flame Tongue                   Conjuration/Fire             1
   b - Throw Flame                    Conjuration/Fire             2
   c - Conjure Flame                  Conjuration/Fire             3
   d - Inner Flame                    Hexes/Fire                   3
   e - Sticky Flame                   Conjuration/Fire             4
   f - Fireball                       Conjuration/Fire             5


   Skills:
 + Level 6.5 Long Blades
 - Level 1.5 Dodging
 - Level 1.5 Stealth
 - Level 6.0 Spellcasting
 - Level 7.4 Necromancy


You had 16 spell levels left.
You knew the following spells:

 Your Spells              Type           Power        Failure   Level  Hunger
a - Vampiric Draining     Necr           ####......   1%          3    N/A
b - Pain                  Necr           ####         1%          1    N/A

Dungeon Overview and Level Annotations

Branches:
Dungeon (8/15)             Temple (1/1) D:5
   Lair: D:8-11

Altars:
Ashenzari
Cheibriados
Elyvilon
Fedhas
Gozag
Hepliaklqana
Kikubaaqudgha
Makhleb
Okawaru
Qazlal
Ru
Sif Muna
Trog
Uskayaw
Vehumet
Xom
Yredelemnul
Zin

Shops:
D:4 *

Annotations:
D:4 Grinder
D:5 Menkaure, Prince Ribbit
D:8 Joseph


Innate Abilities, Weirdness & Mutations

You do not eat or drink.
Your flesh is vulnerable to fire.
You are immune to poison.
Your flesh is cold resistant. (rC+)
You are immune to negative energy. (rN+++)
You are immune to unholy pain and torment.
You can survive without breathing.


Message History

You completely miss Joseph.
Joseph is severely wounded.
Joseph completely misses you.
You riposte.
You hit Joseph.
Joseph is severely wounded.
Joseph closely misses you.
You barely miss Joseph.
Joseph is severely wounded.
Joseph completely misses you.
You closely miss Joseph.
Joseph is severely wounded.
Joseph hits you with an uncursed quarterstaff!
* * * LOW HITPOINT WARNING * * *
The leopard gecko closely misses you.
Joseph unwields an uncursed quarterstaff.
Joseph wields an uncursed hunting sling.
Joseph shoots a sling bullet.
The sling bullet closely misses you.
The leopard gecko bites you but does no damage.
You see here a sling bullet.
Joseph shoots a sling bullet.
The sling bullet hits you!!
You die...

### ..# #.# #.# ##
#@# .# .. #.##.###
# #. #l.....# l@.
#.####.@###.#
.....#.#.......# .
...............#.#
#.##.#.#........$#
#.##...#.......###
#.#..##...)...#


You could see Joseph and a leopard gecko.

Vanquished Creatures
  Sigmund (D:5)
  Eustachio (D:5)
  A hungry ghost (D:7)
  2 black bears
  An orc warrior (D:6)
  2 ogres (D:4)
  A centaur (D:6)
  A bullfrog (D:6)
  3 scorpions
  A water moccasin skeleton (D:6)
  2 howler monkeys (D:6)
  2 crimson imps
  8 hounds
  2 bullfrog skeletons
  Terence (D:3)
  An orc wizard (D:6)
  5 worker ants
  A worker ant zombie (D:6)
  A howler monkey skeleton (D:6)
  10 adders
  5 worms
  3 dart slugs
  8 leopard geckos
  12 orcs
  7 giant cockroaches
  8 goblins
  10 hobgoblins
  4 jackals (D:7)
  A quokka (D:2)
  2 ball pythons
  7 bats
  2 frilled lizards
  8 kobolds
  5 rats
129 creatures vanquished.

Notes
Turn   | Place    | Note
-------+----------+-------------------------------------------
     0 | D:1      | Alarkh the Mummy Necromancer began the quest for the Orb.
     0 | D:1      | Reached XP level 1. HP: 13/13 MP: 3/3
   243 | D:1      | Reached XP level 2. HP: 18/19 MP: 5/5
  1151 | D:2      | Reached XP level 3. HP: 15/24 MP: 6/6
  1174 | D:2      | Learned a level 3 spell: Vampiric Draining
  1773 | D:2      | Reached XP level 4. HP: 12/30 MP: 4/8
  2308 | D:2      | Reached skill level 5 in Necromancy
  2805 | D:3      | Noticed Terence
  2830 | D:3      | Killed Terence
  2830 | D:3      | Reached XP level 5. HP: 13/35 MP: 5/10
  2985 | D:3      | Found a shattered altar of Ashenzari.
  3327 | D:4      | Reached XP level 6. HP: 32/41 MP: 8/12
  3359 | D:4      | Reached skill level 6 in Necromancy
  3388 | D:4      | Noticed Grinder
  3502 | D:4      | Reached skill level 5 in Spellcasting
  3557 | D:4      | Reached XP level 7. HP: 38/46 MP: 7/14
  3646 | D:4      | Found Unac's General Store.
  3880 | D:5      | Entered Level 5 of the Dungeon
  3998 | D:5      | Noticed Sigmund
  4020 | D:5      | Killed Sigmund
  4020 | D:5      | Reached skill level 7 in Necromancy
  4239 | D:5      | Found a staircase to the Ecumenical Temple.
  4246 | Temple   | Entered the Ecumenical Temple
  4397 | Temple   | Became a worshipper of Warmaster Okawaru
  4431 | D:5      | Noticed Eustachio
  4571 | D:5      | Noticed Menkaure
  4633 | D:5      | Noticed Prince Ribbit
  4845 | D:6      | Reached skill level 1 in Long Blades
  4884 | D:6      | Reached XP level 8. HP: 36/52 MP: 2/17
  5563 | D:5      | Killed Eustachio
  5563 | D:5      | Reached * piety under Okawaru
  5817 | D:6      | Reached skill level 5 in Long Blades
  6208 | D:7      | Got a steaming trident
  6209 | D:7      | Identified the +5 trident "Spiderslayer" {distort, +Fly rF- Dex-5 Stlth+} (You found it on level 7 of the Dungeon)
  6405 | D:7      | Found a hazy altar of Hepliaklqana.
  6414 | D:7      | Reached ** piety under Okawaru
  6414 | D:7      | Reached XP level 9. HP: 47/57 MP: 8/18
  6907 | D:8      | Noticed Joseph
  6930 | D:8      | HP: 1/57 [Joseph/uncursed quarterstaff (10)]
  6933 | D:8      | Shot with a sling bullet by Joseph

Vault maps used:
D:1:      lemuel_arrival_muddy
D:2:      first_bread
D:3:      nicolae_overflow_hidden_temple, uniq_terence
D:4:      serial_shops, shop, uniq_grinder
D:5:      lemuel_coloured_pillars_altar, corexii_checkpoint_a, uniq_sigmund,
          uniq_eustachio, uniq_menkaure, uniq_prince_ribbit1
D:7:      old_standard_altar
D:8:      uniq_joseph
Temple:   regret_index_temple_sphere_string

Skill      XL: |  1  2  3  4  5  6  7  8 |
---------------+-------------------------+-----
Spellcasting   | 3 4 5 6 |  6.0
Necromancy     | 5 6 7 |  7.4
Long Blades    | 2 6 |  6.5
Dodging        | |  1.5
Stealth        | |  1.5

Action                   |  1- 3 |  4- 6 |  7- 9 || total
-------------------------+-------+-------+-------++-------
Melee: Dagger            |    75 |   120 |    30 ||   225
       Falchion          |       |       |   127 ||   127
 Cast: Pain              |    24 |    63 |   136 ||   223
       Vampiric Draining |       |     3 |    20 ||    23
Invok: Heroism           |       |       |     1 ||     1
Evoke: Wand              |       |       |     3 ||     3
  Use: Scroll            |     1 |     3 |     3 ||     7
 Stab: Sleeping          |       |     4 |       ||     4
       Distracted        |       |       |     2 ||     2
Armor: Robe              |    12 |    21 |    42 ||    75
Dodge: Dodged            |    67 |    98 |   132 ||   297
